 Dungeon Crawl Stone Soup version 0.25-a0-766-g0ecfff5982 (webtiles) character file.

Game seed: 15886817684347988778, levelgen mode: deterministic

2593 Error4North the Cleaver (level 9, -1/79 HPs)
             Began as a Hill Orc Fighter on Apr 13, 2020.
             Was a Priest of Okawaru.
             Slain by a polar bear (2 damage)
             ... on level 7 of the Dungeon.
             The game lasted 00:22:58 (5820 turns).

Error4North the Cleaver (Hill Orc Fighter)          Turns: 5820, Time: 00:22:58

Health: -1/79      AC: 18    Str: 22    XL:     9   Next: 58%
Magic:  9/9        EV:  6    Int:  8    God:    Okawaru [***...]
Gold:   145        SH: 11    Dex: 13    Spells: 8/8 levels left

rFire    . . .     SeeInvis .   a - +0 war axe
rCold    . . .     Gourm    .   c - +0 kite shield
rNeg     . . .     Faith    .   s - +0 plate armour
rPois    .         Spirit   .   g - +0 helmet
rElec    .         Reflect  .   (no cloak)
rCorr    .         Harm     .   t - +1 pair of gloves {Dex+3}
MR       .....                  n - +0 pair of boots
Stlth    ..........             (no amulet)
HPRegen  0.23/turn              (no ring)
MPRegen  0.11/turn              (no ring)

@: no status effects
A: no striking features
a: Heroism, Renounce Religion


You were on level 7 of the Dungeon.
You worshipped Okawaru.
Okawaru was most pleased with you.
You were not hungry.

You visited 2 branches of the dungeon, and saw 9 of its levels.

You collected 377 gold pieces.
You spent 232 gold pieces at shops.

Inventory:

Hand Weapons
 a - a +0 war axe (weapon)
 u - a +0 hand axe of flaming
Missiles
 b - 5 boomerangs (quivered)
Armour
 c - a +0 kite shield (worn)
 g - a +0 helmet (worn)
 n - a +0 pair of boots (worn)
 s - a +0 plate armour (worn)
 t - a +1 pair of gloves of dexterity (worn)
Jewellery
 j - a +4 ring of strength
 k - an uncursed ring of fire
 x - an uncursed ring of protection from cold {unknown}
 y - a +2 ring of protection {unknown}
Wands
 v - a wand of paralysis (11)
Scrolls
 e - 4 scrolls of fog {unknown}
 h - 2 scrolls of noise {unknown}
 i - 4 scrolls of identify
 m - 2 scrolls of magic mapping {unknown}
 p - a scroll of blinking {unknown}
 q - a scroll of fear {unknown}
 r - a scroll of amnesia {unknown}
Potions
 l - 3 potions of stabbing
 o - a potion of curing
 w - a potion of might
Comestibles
 f - 18 rations


   Skills:
 * Level 7.2 Fighting
 + Level 9.3 Axes
 * Level 7.7 Armour
 + Level 2.4 Dodging
 + Level 0.3 Stealth
 * Level 7.1 Shields
 * Level 1.0 Invocations
 * Level 0.4 Evocations


You had 8 spell levels left.
You didn't know any spells.
Your spell library was empty.

Dungeon Overview and Level Annotations

Branches:
Dungeon (8/15)             Temple (1/1) D:6
   Lair: D:8-11

Altars:
Ashenzari
Cheibriados
Dithmenos
Elyvilon
Fedhas
Hepliaklqana
Kikubaaqudgha
Makhleb
Nemelex Xobeh
Okawaru
Qazlal
Ru
Sif Muna
Trog
Vehumet
Wu Jian
Xom
Yredelemnul
Zin
The Shining One

Shops:
D:6 [}

Annotations:
D:8 Prince Ribbit


Message History

* * * LOW HITPOINT WARNING * * *
You block the polar bear's attack.
You closely miss the polar bear.
The polar bear is almost dead.
The polar bear bites you but does no damage.
You block the polar bear's attack.
The polar bear claws you but does no damage.
The polar bear bites you but does no damage.
The polar bear claws you but does no damage.
The polar bear claws you.
* * * LOW HITPOINT WARNING * * *
Your shield and plate armour prevent you from hitting the polar bear.
The polar bear is almost dead.
You block the polar bear's attack. The polar bear barely misses you.
You block the polar bear's attack.
Unknown command.
You feel better. The polar bear bites you!
* * * LOW HITPOINT WARNING * * *
The polar bear claws you.
You die...

#......##........#......)#..
#.......#........#...)......
###.....#........#.......##.
#.....#........#..........
#..............#.÷).####..
#...............)...####..
#.........####......#.....
#.........###........)....
#.......h@†......(...#.##.
######...#.............##.
#....#.............##.
#....####..........###
##..(...##.......#....#
#.......##.......#.....
#...._..##.............
#.#.....##.....÷.......
#.#................#...


You could see a polar bear (berserk).

Vanquished Creatures
  Grinder (D:3)
  A hippogriff (D:7)
  Sigmund (D:6)
  Eustachio (D:4)
  A water moccasin (D:6)
  A sky beast (D:5)
  A hornet zombie (D:7)
  2 orc warriors (D:6)
  A black bear (D:7)
  3 ogres (D:4)
  2 centaurs (D:5)
  A big kobold (D:5)
  2 bullfrogs (D:7)
  2 scorpions
  A crimson imp (D:7)
  A bullfrog zombie (D:5)
  2 hounds
  2 orc wizards (D:7)
  7 worker ants
  Robin (D:3)
  6 gnolls
  9 adders
  2 shadow imps
  2 oozes
  3 worms
  2 dart slugs
  5 leopard geckos
  17 orcs
  A ball python (D:4)
  3 giant cockroaches
  16 goblins
  4 hobgoblins
  21 jackals
  4 quokkas
  5 bats
  2 frilled lizards (D:5)
  8 kobolds
  A leopard gecko skeleton (D:6)
  A quokka skeleton (D:5)
  4 rats
150 creatures vanquished.

Notes
Turn   | Place    | Note
-------+----------+-------------------------------------------
     0 | D:1      | Error4North the Hill Orc Fighter began the quest for the
                  | Orb.
     0 | D:1      | Reached XP level 1. HP: 19/19 MP: 1/1
   146 | D:1      | Reached XP level 2. HP: 13/27 MP: 2/2
   420 | D:1      | Reached skill level 3 in Axes
   875 | D:1      | Reached XP level 3. HP: 33/33 MP: 3/3
  1185 | D:2      | Found a glowing golden altar of the Shining One.
  1691 | D:3      | Noticed Robin
  1697 | D:3      | Reached XP level 4. HP: 31/40 MP: 4/4
  1701 | D:3      | Killed Robin
  1753 | D:3      | Noticed Grinder
  1783 | D:3      | Paralysed by Grinder for 2 turns
  1785 | D:3      | Killed Grinder
  1785 | D:3      | Reached skill level 5 in Axes
  1785 | D:3      | Reached skill level 1 in Dodging
  1785 | D:3      | Reached XP level 5. HP: 32/47 MP: 5/5
  1785 | D:3      | Reached XP level 6. HP: 38/55 MP: 6/6
  2053 | D:3      | Found an iron altar of Okawaru.
  2064 | D:3      | Became a worshipper of Warmaster Okawaru
  2164 | D:3      | Found a stormy altar of Qazlal.
  2279 | D:4      | Noticed Eustachio
  2328 | D:4      | Killed Eustachio
  2328 | D:4      | Reached * piety under Okawaru
  2328 | D:4      | Reached skill level 5 in Fighting
  2328 | D:4      | Reached XP level 7. HP: 56/61 MP: 7/7
  2375 | D:4      | Reached skill level 6 in Axes
  2375 | D:4      | Reached skill level 5 in Shields
  2387 | D:4      | Reached skill level 5 in Armour
  2987 | D:5      | Entered Level 5 of the Dungeon
  2996 | D:5      | Reached ** piety under Okawaru
  2996 | D:5      | Reached XP level 8. HP: 48/70 MP: 8/8
  3227 | D:5      | Reached skill level 7 in Axes
  3574 | D:5      | Found a shattered altar of Ashenzari.
  4303 | D:6      | Found a staircase to the Ecumenical Temple.
  4309 | Temple   | Entered the Ecumenical Temple
  4792 | D:6      | Found Dyleu's Antique Armour Emporium.
  4813 | D:6      | Bought a pair of glowing gloves for 232 gold pieces
  4820 | D:6      | Noticed Sigmund
  4840 | D:6      | Killed Sigmund
  4840 | D:6      | Reached skill level 8 in Axes
  4963 | D:6      | Reached XP level 9. HP: 76/78 MP: 9/9
  4979 | D:6      | Found Minkaq's Gadget Shoppe.
  5020 | D:6      | Found a shadowy altar of Dithmenos.
  5505 | D:7      | Reached *** piety under Okawaru
  5512 | D:7      | Reached skill level 9 in Axes
  5548 | D:7      | Reached skill level 1 in Invocations
  5635 | D:7      | Found a glowing golden altar of the Shining One.
  5788 | D:8      | Noticed a polar bear
  5788 | D:8      | Noticed Prince Ribbit
  5820 | D:7      | HP: 1/79 [polar bear (14)]
  5820 | D:7      | Slain by a polar bear

Levels and vault maps discovered:
D:1:      dpeg_arrival_water_fire, layout_basic
D:2:      layout_basic, tso_metal_star
D:3:      layout_rooms, nicolae_qazlal_eye_of_the_storm,
          okawaru_ov_weapons_minmay, uniq_robin, uniq_grinder
D:4:      layout_rooms, first_ration, uniq_eustachio
D:5:      layout_gridville, overflow_temple_1_default
D:6:      layout_gridville, minmay_temple_entry_hall, serial_shops,
          nicolae_shop_overgrown_old_shop, shop, nicolae_dithmenos_the_darkroom,
          uniq_sigmund
D:7:      layout_rooms, basic_altar
D:8:      layout_rooms, serial_shops, nicolae_shop_statue_plus, serial_ice,
          serial_ice_f, serial_ice_d, serial_ice_j, serial_ice_b, serial_ice_e,
          serial_ice_n, serial_ice_o, serial_ice_a, serial_ice_g, serial_ice_h,
          david_nohive_1, uniq_prince_ribbit1
Temple:   dpeg_five_rooms_temple

Skill      XL: |  1  2  3  4  5  6  7  8  9 |
---------------+----------------------------+-----
Axes           | 3 5 6 8 9 |  9.3
Fighting       | 4 5 6 7 |  7.2
Shields        | 4 5 6 7 |  7.1
Armour         | 4 5 6 7 |  7.7
Dodging        | 1 2 |  2.4
Invocations    | 1 |  1.0
Stealth        | |  0.3
Evocations     | |  0.4

Action                   |  1- 3 |  4- 6 |  7- 9 || total
-------------------------+-------+-------+-------++-------
Melee: War axe           |    86 |    91 |   328 ||   505
Throw: Boomerang         |       |       |     2 ||     2
Invok: Heroism           |       |       |     4 ||     4
  Use: Potion            |     1 |     6 |     5 ||    12
       Scroll            |       |     3 |     2 ||     5
  Eat: Chunk             |     2 |     2 |    12 ||    16
Armor: Scale mail        |    77 |    70 |    71 ||   218
       Plate armour      |       |       |   127 ||   127
Dodge: Dodged            |    46 |    57 |   111 ||   214
Block: Kite shield       |    60 |    58 |   241 ||   359

Table legend:
 A = Non-vault XP
 B = Vault XP
 C = Vault XP percentage of total XP
 D = Non-vault monster count
 E = Vault monster count
 F = Vault count percentage of total count
                 A         B        C        D         E       F
            +---------+---------+-------+---------+---------+-------
      Total |    2995 |     710 |  19.2 |     136 |      14 |   9.3
            +---------+---------+-------+---------+---------+-------
        D:1 |      38 |       0 |   0.0 |      18 |       0 |   0.0
        D:2 |      33 |       0 |   0.0 |      13 |       0 |   0.0
        D:3 |      66 |     296 |  81.8 |      20 |      12 |  37.5
        D:4 |     537 |     202 |  27.3 |      12 |       1 |   7.7
        D:5 |     622 |       0 |   0.0 |      23 |       0 |   0.0
        D:6 |     694 |     212 |  23.4 |      22 |       1 |   4.3
        D:7 |    1005 |       0 |   0.0 |      28 |       0 |   0.0
            +---------+---------+-------+---------+---------+-------
